 Dungeon Crawl Stone Soup version 0.29-a0-1008-g949cc1d0fb (webtiles) character file.

Game seed: 3314544156283264076

39702 garrulousMonolith the Skirmisher (level 13, 0/124 HPs)
             Began as a Minotaur Hunter on Aug 7, 2022.
             Was a High Priest of Cheibriados.
             Slain by a death yak (4 damage)
             ... on level 4 of the Lair of Beasts.
             The game lasted 00:24:34 (17800 turns).

garrulousMonolith the Skirmisher (Minotaur Hunter) Turns: 17800, Time: 00:24:35

Health: 0/124      AC: 12    Str: 37    XL:     13   Next: 70%
Magic:  8/17       EV: 24    Int: 20    God:    Cheibriados [*****.]
Gold:   1000       SH:  8    Dex: 35    Spells: 10/12 levels left

rFire   . . .      SeeInvis .   D - +0 scimitar (drain)
rCold   + . .      Faith    .   G - +0 buckler
rNeg    . . .      Spirit   .   K - +2 ring mail {rPois}
rPois   +          Reflect  .   (helmet restricted)
rElec   .          Harm     .   (no cloak)
rCorr   .          Rampage  .   d - +2 pair of gloves {Str+3}
Will    .....                   (no boots)
Stlth   +++.......              j - amulet "Eritson" {Acrobat rC+ Str+3 Dex+3}
HPRegen 0.30/turn               (no ring)
MPRegen 0.15/turn               (no ring)

@: studying 2 skills, very slow
A: horns 2, retaliatory headbutt
a: Renounce Religion, Bend Time, Temporal Distortion, Slouch, Step From Time


You were on level 4 of the Lair of Beasts.
You worshipped Cheibriados.
Cheibriados was extremely pleased with you.
You visited 2 branches of the dungeon, and saw 15 of its levels.
You also visited: Sewer.

You collected 1068 gold pieces.
You spent 68 gold pieces at shops.

Inventory:

Hand Weapons
 a - a +6 hand crossbow of flaming
 b - a +3 long sword
 z - a +0 vorpal sling
 D - a +0 scimitar of draining (weapon)
 T - a +3 dagger of venom
Missiles
 f - 108 stones
 k - 9 javelins
 m - 5 silver boomerangs
 t - 33 poisoned darts
 v - 13 boomerangs (quivered)
 C - 2 curare-tipped darts
 Y - 4 throwing nets
Armour
 c - a +3 leather armour of cold resistance
 d - a +2 pair of gloves of strength (worn)
 x - a +0 chain mail
 E - a +2 pair of gloves
 G - a +0 buckler (worn)
 K - a +2 ring mail of poison resistance (worn)
Jewellery
 j - the amulet "Eritson" (around neck) {Acrobat rC+ Str+3 Dex+3}
   (You found it on level 2 of the Dungeon)

   [amulet of the acrobat]

   It increases your evasion while moving and waiting.
   Str:       It affects your strength (+3).
   Dex:       It affects your dexterity (+3).
   rC:        It protects you from cold.
 q - the macabre finger necklace {rN+}
   (You found it on level 3 of the Dungeon)

   [amulet of nothing]

   It enables you to equip an extra ring.
   rN:        It protects you from negative energy.
 y - an amulet of the acrobat
 F - a ring of poison resistance
 M - an amulet of magic regeneration
 Q - a +4 ring of evasion
Wands
 J - a wand of flame (35)
 O - a wand of digging (8)
 R - a wand of mindburst (14)
 X - a wand of polymorph (4)
Scrolls
 e - 4 scrolls of butterflies
 g - 2 scrolls of blinking
 l - 9 scrolls of teleportation
 r - a scroll of summoning
 w - 3 scrolls of immolation
 B - 3 scrolls of vulnerability
 I - 2 scrolls of poison
 S - 2 scrolls of fear
Potions
 h - 4 potions of attraction
 n - 4 potions of invisibility
 o - 10 potions of curing
 p - 2 potions of berserk rage
 s - 2 potions of might {unknown}
 u - 3 potions of haste
 A - 3 potions of flight
 H - a potion of ambrosia {unknown}
 L - 4 potions of magic {unknown}
 N - a potion of resistance {unknown}
 P - a potion of brilliance {unknown}
 U - a potion of lignification {unknown}
Miscellaneous
 V - a phantom mirror


   Skills:
 + Level 14.0 Fighting
 * Level 11.0 Short Blades
 * Level 14.5 Ranged Weapons
 + Level 10.6 Armour
 + Level 10.5 Dodging
 - Level 3.0 Stealth
 - Level 5.2 Shields
 + Level 7.4 Invocations


You had 10 spell levels left.
You knew the following spells:

 Your Spells              Type           Power      Damage    Failure   Level
a - Blink                 Tloc           0%         N/A       43%         2

Your spell library contained the following spells:

 Spells                   Type           Power      Damage    Failure   Level
 Foxfire                  Conj/Fire      0%         2x1d4     30%         1
 Conjure Flame            Conj/Fire      0%         6-21      67%         3
 Dazzling Flash           Conj/Hex       0%         N/A       67%         3
 Frozen Ramparts          Ice            0%         1d1       67%         3
 Inner Flame              Hex/Fire       0%         N/A       67%         3
 Ozocubu's Armour         Ice            0%         N/A       67%         3
 Tukima's Dance           Hex            0%         N/A       67%         3
 Flame Wave               Conj/Fire      0%         2d4       97%         4
 Fulminant Prism          Conj/Hex       0%         3d6       97%         4
 Hailstorm                Conj/Ice       0%         3d3       97%         4
 Ice Form                 Ice/Tmut       0%         N/A       97%         4
 Iskenderun's Mystic Bla  Conj/Tloc      0%         2d3       97%         4
 Passage of Golubria      Tloc           0%         N/A       97%         4
 Summon Ice Beast         Ice/Summ       0%         N/A       97%         4
 Agony                    Necr           0%         N/A       100%        5
 Alistair's Intoxication  Tmut/Pois      0%         N/A       100%        5
 Borgnjor's Vile Clutch   Necr/Erth      0%         N/A       100%        5
 Lee's Rapid Deconstruct  Erth           0%         3d5*      100%        5
 Manifold Assault         Tloc           0%         N/A       100%        5
 Silence                  Hex/Air        0%         N/A       100%        5
 Summon Forest            Summ/Tloc      0%         N/A       100%        5
 Summon Mana Viper        Hex/Summ       0%         N/A       100%        5
 Yara's Violent Unravell  Hex/Tmut       0%         3d3       100%        5
 Eringya's Noxious Bog    Tmut/Pois      0%         N/A       100%        6
 Simulacrum               Ice/Necr       0%         N/A       100%        6
 Summon Cactus Giant      Summ           0%         N/A       100%        6
 Ozocubu's Refrigeration  Ice            0%         4d7       100%        7
 Storm Form               Tmut/Air       0%         N/A       100%        7


Dungeon Overview and Level Annotations

Branches:
Dungeon (11/15)            Temple (0/1) D:6            Lair (4/5) D:9
  Swamp (0/4) Lair:3       Spider (0/4) Lair:2        Sewer (visited)
  Slime: Lair:4-5       Orc: D:9-12

Altars:
Cheibriados
Gozag
Nemelex Xobeh
Okawaru
Qazlal
Vehumet
Xom
Zin

Shops:
D:4 :   D:7 (   D:10 (

Annotations:
D:4 1 runed translucent door, osoart's ghost, novice HuFi
D:8 1 runed translucent door, experimilk's ghost, novice PaFi
Lair:3 2 transporters, Izeyjose's ghost, journeyman MyBe


Innate Abilities, Weirdness & Mutations

You have a pair of horns on your head.
You reflexively headbutt those who attack you in melee.


Message History

Press: ? - help, Dir - look around, f - activate You can feel time thicken for a moment.
Cheibriados lowers the support of your attributes as your movement quickens.
The death yak completely misses you. You furiously retaliate!
You headbutt the death yak! You slice the death yak!!
You kill the death yak!
Cheibriados thoroughly appreciates the change of pace.
You hit the death yak but do no damage. You headbutt the death yak!
The death yak is almost dead.
The death yak gores you!!
* * * LOW HITPOINT WARNING * * *
You feel better. You block the death yak's attack.
Aiming: Corrosive Bolt
Press: ? - help, Shift-Dir - straight line, f - death yak
Aim: a death yak (heavily wounded, 90% to hit)
The bolt of acid hits the death yak.
The death yak is almost dead.
The bolt of acid hits the death yak!
The death yak is severely wounded.
The now-empty wand crumbles to dust.
You block the death yak's attack. The death yak misses you.
You see here a komodo dragon corpse.
You hit the death yak.
You kill the death yak!
Cheibriados appreciates the change of pace.
Your Fighting skill increases to level 14!
Your Short Blades skill increases to level 11!
You barely miss the death yak. You headbutt the death yak.
The death yak is heavily wounded.
You hit the death yak. You drain the death yak. You headbutt the death yak!
The death yak is severely wounded.
The death yak gores you!
* * * LOW HITPOINT WARNING * * *
You barely miss the death yak. You headbutt the death yak!
The death yak is almost dead.
The death yak gores you!!
* * * LOW HITPOINT WARNING * * *
The death yak gores you.
You die...

..........##
.........## .
.........##
..#######....P#
...P...P##...P#
..P.....#...###
#.....#.....#
##....Y#...###
#....Y†#@..#
###.###YY..# #.
###..# YY ...#
.Y .....# ..
....## . .#.###
##


You could see 2 death yaks.

Vanquished Creatures
  Gastronok (Lair:1)
  3 hydras
  2 boulder beetles (D:11)
  Harold (Lair:2)
  A catoblepas (Lair:2)
  2 two-headed ogres
  8 death yaks
  2 bog bodies (Lair:3)
  2 lindwurms (Lair:1)
  A wolf spider (Lair:2)
  14 elephants (Lair:3)
  Joseph (D:7)
  A gargoyle (D:11)
  3 torpor snails
  4 cane toads
  An unseen horror (D:11)
  2 komodo dragons
  A rime drake (Lair:3)
  A polar bear (Lair:4)
  3 trolls
  5 blink frogs
  A hornet (D:8)
  3 jumping spiders (Lair:2)
  A shadow (D:10)
  2 basilisks (Lair:3)
  2 wyverns
  Eustachio (D:6)
  47 yaks
  2 wraiths (D:11)
  Grum (D:8)
  4 steam dragons
  Menkaure (D:6)
  A redback (Lair:2)
  3 swamp worms (Lair:3)
  3 water moccasins
  Duvessa (D:6)
  An acid dragon (D:8)
  A black bear (D:8)
  Pargi (Sewer)
  2 ice beasts
  2 sky beasts
  9 wolves
  5 centaurs
  2 phantoms
  3 kobold brigands
  Blork the orc (D:6)
  6 bullfrogs
  3 necrophages
  2 gnoll sergeants
  2 scorpions
  12 wights
  Dowan (D:6)
  13 killer bees
  5 howler monkeys
  6 electric eels
  7 hounds
  3 jellies
  8 orc priests
  6 iguanas
  8 orc wizards
  14 gnolls
  6 adders
  3 white imps
  2 ufetubi
  3 dart slugs
  38 orcs
  6 endoplasms
  A giant cockroach (D:6)
  7 goblins
  4 hobgoblins
  8 jackals
  22 kobolds
  4 quokkas
  12 ball pythons
  4 bats
  5 frilled lizards
  6 rats
386 creatures vanquished.

Vanquished Creatures (others)
  A wolf (D:9)
  19 fungi
  34 plants
  2 withered plants (D:4)
56 creatures vanquished.

Grand Total: 442 creatures vanquished

Notes
Turn   | Place    | Note
-------+----------+-------------------------------------------
     0 | D:1      | garrulousMonolith the Minotaur Hunter began the quest for
                  | the Orb.
     0 | D:1      | Reached XP level 1. HP: 18/18 MP: 0/0
   160 | D:1      | Reached skill level 1 in Stealth
   172 | D:1      | Reached XP level 2. HP: 25/25 MP: 1/1
   879 | D:2      | Found a faded altar of an unknown god.
   995 | D:2      | Identified the amulet "Eritson" {Acrobat rC+ Str+3 Dex+3}
  1102 | D:2      | Reached skill level 1 in Armour
  1102 | D:2      | Reached XP level 3. HP: 30/30 MP: 2/2
  1323 | D:2      | Reached skill level 5 in Ranged Weapons
  2056 | D:3      | Found the macabre finger necklace {rN+}
  2118 | D:3      | Reached XP level 4. HP: 37/38 MP: 3/3
  2942 | D:4      | Reached XP level 5. HP: 33/45 MP: 4/4
  3193 | D:4      | Found Plog's Book Boutique.
  3336 | D:4      | Found a runed translucent door.
  3338 | D:4      | Noticed osoart's ghost (novice HuFi)
  3608 | D:4      | Found a glowing silver altar of Zin.
  3665 | D:4      | Reached XP level 6. HP: 28/52 MP: 5/5
  4096 | D:5      | Entered Level 5 of the Dungeon
  4096 | D:5      | Found a radiant altar of Vehumet.
  4519 | D:5      | Found an opulent altar of Gozag.
  4556 | D:5      | Reached XP level 7. HP: 28/60 MP: 6/6
  4795 | D:5      | Found an iron altar of Okawaru.
  5109 | D:6      | Noticed Eustachio
  5141 | D:6      | Killed Eustachio
  5142 | D:6      | Reached skill level 1 in Shields
  5250 | D:6      | Noticed a two-headed ogre
  5263 | D:6      | Killed a two-headed ogre
  5264 | D:6      | Reached skill level 5 in Fighting
  5264 | D:6      | Reached skill level 5 in Armour
  5264 | D:6      | Reached skill level 5 in Dodging
  5264 | D:6      | Reached XP level 8. HP: 18/69 MP: 7/7
  5369 | D:6      | Noticed Menkaure
  5375 | D:6      | Killed Menkaure
  5411 | D:6      | Found a glowing drain.
  5415 | Sewer    | Entered a sewer
  5421 | Sewer    | Reached XP level 9. HP: 55/75 MP: 8/8
  5528 | Sewer    | Noticed Pargi
  5540 | Sewer    | Killed Pargi
  5983 | D:6      | Found a snail-covered altar of Cheibriados.
  5985 | D:6      | Found a stormy altar of Qazlal.
  5987 | D:6      | Became a worshipper of Cheibriados the Contemplative
  6014 | D:6      | Found a staircase to the Ecumenical Temple.
  6145 | D:6      | Reached skill level 1 in Invocations
  6211 | D:6      | Noticed Blork the orc
  6224 | D:6      | Killed Blork the orc
  6407 | D:6      | Noticed Duvessa
  6420 | D:6      | Killed Duvessa
  6420 | D:6      | Noticed Dowan
  6446 | D:6      | Killed Dowan
  6624 | D:7      | Noticed Joseph
  6645 | D:7      | Killed Joseph
  6646 | D:7      | Reached skill level 5 in Shields
  7023 | D:7      | Reached * piety under Cheibriados
  7279 | D:7      | Reached skill level 1 in Short Blades
  7359 | D:7      | Reached XP level 10. HP: 35/88 MP: 10/10
  7730 | D:7      | Reached skill level 10 in Ranged Weapons
  7860 | D:7      | Found Faeplu's Weapon Shop.
  8196 | D:8      | Reached ** piety under Cheibriados
  8227 | D:8      | Noticed Grum
  8259 | D:8      | Killed Grum
  8665 | D:8      | Noticed a two-headed ogre
  8675 | D:8      | Killed a two-headed ogre
  8848 | D:8      | Found a runed translucent door.
  8858 | D:8      | Found a shimmering altar of Xom.
  8858 | D:8      | Noticed experimilk's ghost (novice PaFi)
  8858 | D:8      | Noticed a +0 whip of chaos
  9501 | D:9      | Reached *** piety under Cheibriados
  9506 | D:9      | Found a staircase to the Lair.
 10129 | D:9      | Reached skill level 5 in Short Blades
 10356 | D:9      | Reached XP level 11. HP: 98/99 MP: 13/13
 10889 | D:10     | Entered Level 10 of the Dungeon
 11071 | D:10     | Reached **** piety under Cheibriados
 11351 | D:10     | Found a sparkling altar of Nemelex Xobeh.
 11437 | D:10     | Reached skill level 10 in Fighting
 11475 | D:10     | Found Befihocikh's Weapon Boutique.
 11630 | D:10     | Bought a +0 scimitar of protection for 68 gold pieces
 11917 | D:10     | Identified the +1 leather armour "Zaystesm" {Rampage rCorr
                  | Str+3}
 12491 | D:11     | Noticed a boulder beetle
 12529 | D:11     | Killed a boulder beetle
 12808 | D:11     | Noticed a boulder beetle
 12839 | D:11     | Killed a boulder beetle
 13266 | D:11     | Identified a scroll of acquirement
 13267 | D:11     | Acquired a +6 hand crossbow of flaming
 13329 | Lair:1   | Entered Level 1 of the Lair of Beasts
 13329 | Lair:1   | Noticed a lindwurm
 13339 | Lair:1   | Noticed a lindwurm
 13369 | Lair:1   | Killed a lindwurm
 13370 | Lair:1   | Reached skill level 5 in Invocations
 13636 | Lair:1   | Killed a lindwurm
 13931 | Lair:1   | Noticed a death yak
 13934 | Lair:1   | Noticed a death yak
 14024 | Lair:1   | Noticed a four-headed hydra
 14032 | Lair:1   | Killed a four-headed hydra
 14123 | Lair:1   | Killed a death yak
 14127 | Lair:1   | Killed a death yak
 14128 | Lair:1   | Reached XP level 12. HP: 110/110 MP: 13/15
 14204 | Lair:1   | Noticed an eight-headed hydra
 14208 | Lair:1   | Killed an eight-headed hydra
 14311 | Lair:1   | Noticed Gastronok
 14322 | Lair:1   | Killed Gastronok
 14694 | Lair:1   | Reached ***** piety under Cheibriados
 15081 | Lair:2   | Noticed Harold
 15199 | Lair:2   | Killed Harold
 15541 | Lair:2   | Noticed a catoblepas
 15554 | Lair:2   | Killed a catoblepas
 15774 | Lair:2   | Found a hole to the Spider Nest.
 16191 | Lair:2   | Learned a level 2 spell: Blink
 16219 | Lair:3   | Noticed a death yak
 16219 | Lair:3   | Noticed a death yak
 16513 | Lair:3   | Killed a death yak
 16527 | Lair:3   | Killed a death yak
 16528 | Lair:3   | Reached XP level 13. HP: 45/119 MP: 16/16
 16818 | Lair:3   | Reached skill level 10 in Armour
 16869 | Lair:3   | Reached skill level 10 in Short Blades
 16976 | Lair:3   | Acquired a manual of Dodging
 16982 | Lair:3   | Found a transporter.
 16988 | Lair:3   | Noticed Izeyjose's ghost (journeyman MyBe)
 17085 | Lair:3   | Reached ****** piety under Cheibriados
 17086 | Lair:3   | Found a transporter.
 17216 | Lair:3   | Reached skill level 10 in Dodging
 17433 | Lair:3   | Found a staircase to the Swamp.
 17800 | Lair:4   | HP: 4/124 [death yak (18)]
 17800 | Lair:4   | Slain by a death yak

Illustrated notes

Levels and vault maps discovered:
D:1:      co_arrival_random_square_maze, layout_loops_ring, minmay_hedge_maze
D:2:      layout_loops_cross, shapermc_ecumenical_altar_mp_highgroup,
          nicolae_figureground_sparkle
D:3:      layout_loops_cross, minmay_misc_feat_alley,
          hangedman_decor_clover_reticule
D:4:      layout_basic, marbit_many_paths, serial_shops, nicolae_square_shop,
          gammafunk_ghost_grave, corexii_item_surrounded_by_moat,
          minmay_diced_spiral
D:5:      layout_loops_ring, mainiacjoe_overflow_chevrons, grunt_gozag_statues,
          nicolae_overflow_crystal_walls
D:6:      layout_rooms, mainiacjoe_overflow_divided_tiny,
          minmay_temple_entry_mini_moons, gup_sewer_entry_bowl, st_stairs_10,
          chequers_serial_rivers_marsh, minmay_manual_mail, uniq_eustachio,
          uniq_duvessa, uniq_blork_the_orc, uniq_menkaure
D:7:      layout_gridville, serial_shops, nicolae_shop_window_shopping,
          david_defended_altar_orc, uniq_joseph
D:8:      layout_basic, ebering_ghost_xom, uniq_grum
D:9:      layout_basic, erik_lair_island
D:10:     layout_irregular_city, nemelex_spade_bored_becter, serial_shops, shop
D:11:     layout_long_grid
Lair:1:   layout_gridlike, nicolae_lair_lindhole, uniq_gastronok
Lair:2:   layout_chaotic_city, spider_nest_entry_funnel_web,
          serial_bayou_pond_a, st_stairs_7, grunt_forest_stairs_basic,
          minmay_holes, chequers_serial_rivers_small_a,
          nicolae_lair_grazing_beasts [nicolae_sub_lair_graze_edge,
          nicolae_sub_lair_graze_edge, nicolae_sub_lair_graze_edge,
          nicolae_sub_lair_graze_edge], uniq_harold
Lair:3:   layout_long_grid, nicolae_swamp_entry_splash_gauntlet,
          gammafunk_ghost_arena, infiniplex_staircase_pool_2
Lair:4:   layout_regular_city, ebering_ghost_inner_flame, beast_lair_carwin_8

Skill      XL: |  1  2  3  4  5  6  7  8  9 10 11 12 13 |
---------------+----------------------------------------+-----
Stealth        | 1 2 3 |  3.0
Armour         | 1 2 3 5 6 7 8 9 10 | 10.6
Ranged Weapons | 5 6 8 9 11 12 13 14 | 14.5
Fighting       | 3 4 5 6 8 9 11 12 14 | 14.0
Dodging        | 3 5 6 7 8 9 10 | 10.5
Shields        | 3 5 |  5.2
Invocations    | 2 4 5 6 7 |  7.4
Short Blades   | 1 5 7 9 11 | 11.0

Action                   |  1- 3 |  4- 6 |  7- 9 | 10-12 | 13-15 || total
-------------------------+-------+-------+-------+-------+-------++-------
Melee: Halberd           |     2 |       |       |       |       ||     2
       Flail             |       |    44 |       |       |       ||    44
       Headbutt          |       |    22 |    42 |   113 |     9 ||   186
       Dagger            |       |    47 |   124 |    98 |       ||   269
       Falchion          |       |       |    56 |   221 |       ||   277
       Whip              |       |       |     2 |       |       ||     2
       Scimitar          |       |       |       |    22 |    14 ||    36
       Long sword        |       |       |       |    39 |     6 ||    45
       Sling             |       |       |       |     1 |       ||     1
 Fire: Shortbow          |    80 |    32 |       |       |       ||   112
       Sling             |       |    74 |   105 |    30 |       ||   209
       Hand crossbow     |       |       |       |   171 |   124 ||   295
Throw: Boomerang         |       |     2 |    12 |     2 |       ||    16
Invok: Slouch            |       |       |       |     1 |     2 ||     3
Evoke: Wand              |       |     2 |     4 |     9 |     1 ||    16
  Use: Scroll            |     2 |       |     1 |    16 |     4 ||    23
       Potion            |       |     3 |     2 |     3 |     2 ||    10
 Stab: Sleeping          |       |       |       |     5 |       ||     5
       Distracted        |       |       |       |     2 |       ||     2
Armor: Scale mail        |    13 |    26 |       |       |       ||    39
       Chain mail        |       |    65 |    35 |       |       ||   100
       Leather armour    |       |       |    40 |       |       ||    40
       Ring mail         |       |       |    26 |   127 |     9 ||   162
Dodge: Dodged            |    30 |    75 |   213 |   462 |    47 ||   827
Block: Buckler           |       |       |    79 |   198 |    18 ||   295

Table legend: (Time is in decaauts)
 A = Elapsed time spent in this place.
 B = Non-inter-level travel time spent in this place.
 C = Inter-level travel time spent in this place.
 D = Time resting spent in this place.
 E = Time spent auto-exploring this place.
 F = Levels seen in this place.
 G = Mean time per level.
                   A        B        C        D        E       F      G
               +--------+--------+--------+--------+--------+-----+--------+
         Total |  21867 |  21271 |    596 |   4848 |  13221 |  16 | 1366.7 |
       Dungeon |  15031 |  14637 |    394 |   3299 |   8921 |  11 | 1366.5 |
          Lair |   6420 |   6218 |    202 |   1448 |   4057 |   4 | 1605.0 |
         Sewer |    416 |    416 |      0 |    100 |    242 |   1 |  416.0 |
               +--------+--------+--------+--------+--------+-----+--------+

Top non-repeatable levels by time:
  Lair:1: 2335 daAuts
     D:9: 2205 daAuts
  Lair:2: 2100 daAuts
    D:10: 1773 daAuts
  Lair:3: 1720 daAuts
     D:7: 1548 daAuts
    D:11: 1509 daAuts
     D:8: 1503 daAuts
     D:6: 1280 daAuts
     D:4: 1205 daAuts
     D:3: 1096 daAuts
     D:2: 1049 daAuts
     D:5: 1027 daAuts
     D:1: 830 daAuts
   Sewer: 416 daAuts
